 Dungeon Crawl Stone Soup version 0.21.0-3-g78d12a8bdd (console) character file.

15639 Kloppie the Basher (level 12, 0/106 HPs)
             Began as a Minotaur Berserker on Jan 11, 2018.
             Was a High Priest of Trog.
             Shot with an arrow by something (2 damage)
             ... on level 12 of the Dungeon.
             The game lasted 00:16:34 (9293 turns).

Kloppie the Basher (Minotaur Berserker)             Turns: 9293, Time: 00:16:34

Health: 0/106      AC: 20    Str: 25    XL:     12   Next: 3%
Magic:  3/3        EV: 10    Int:  4    God:    Trog [*****.]
Gold:   929        SH: 15    Dex: 12    Spells: 11/11 levels left

rFire    + . .     SeeInvis .   a - +6 demon whip (antimagic)
rCold    . . .     Gourm    .   n - +0 shield
rNeg     . . .     Faith    .   u - +2 scale mail {rF+}
rPois    .         Spirit   .   (helmet restricted)
rElec    .         Reflect  +   l - +2 cloak {+Inv}
rCorr    +         Harm     .   E - +0 pair of gloves
MR       ++...                  v - +2 pair of boots
Stlth    ..........             j - +2 amulet of reflection
HPRegen  1.27/turn              C - ring of resist corrosion
MPRegen  0.08/turn              z - +1 ring of protection

@: lethally poisoned (0 -> -28), regenerating
A: retaliatory headbutt, horns 2
a: Berserk, Trog's Hand, Brothers in Arms, Burn Spellbooks, Renounce Religion,
Evoke Invisibility


You were on level 12 of the Dungeon.
You worshipped Trog.
Trog was extremely pleased with you.
You were not hungry.

You visited 1 branch of the dungeon, and saw 11 of its levels.
You also visited: Sewer, Ossuary and Bailey.

You collected 943 gold pieces.
You spent 14 gold pieces at shops.

Inventory:

Hand Weapons
 a - a +6 antimagic demon whip (weapon)
 b - a +1 flail of protection
 J - the +7 captain's cutlass {speed, disarm}
   (Trog gifted it to you in an ossuary)

   Attacks with this weapon are significantly faster.
 N - a +2 flail of crushing
Armour
 l - a +2 cloak of invisibility (worn)
 n - a +0 shield (worn)
 u - a +2 scale mail of fire resistance (worn)
 v - a +2 pair of boots (worn)
 E - a +0 pair of gloves (worn)
 I - a +0 crystal plate armour
Jewellery
 j - a +2 amulet of reflection (around neck)
 x - a +3 ring of intelligence
 z - a +1 ring of protection (right hand)
 C - a ring of resist corrosion (left hand)
 G - a +6 ring of intelligence
 L - an uncursed amulet of guardian spirit {unknown}
Wands
 e - a wand of acid (11)
 w - a wand of disintegration (12)
 y - a wand of iceblast (14)
 K - a wand of flame (20)
 M - a wand of scattershot (8)
Scrolls
 g - 6 scrolls of teleportation
 m - 3 scrolls of blinking
 o - 4 scrolls of identify
 p - 12 scrolls of remove curse
 r - a scroll of enchant armour
 A - 3 scrolls of fear
 B - a scroll of fog
Potions
 d - 9 potions of curing
 f - 5 potions of might
 h - 7 potions of haste
 i - 5 potions of lignification
 k - 2 potions of ambrosia
 q - a potion of cancellation
 t - 6 potions of heal wounds
 D - a potion of invisibility
 F - 3 potions of agility
 H - a potion of berserk rage {unknown}
Comestibles
 c - 12 rations
 s - 14 chunks of flesh


   Skills:
 - Level 10.1 Fighting
 - Level 14.0 Maces & Flails
 - Level 10.2 Armour
 - Level 2.1 Dodging
 + Level 12.6 Shields


You had 11 spell levels left.
You didn't know any spells.

Dungeon Overview and Level Annotations

Branches:
Dungeon (10/15)            Temple (0/1) D:5
   Lair: D:8-11         Orc: D:9-12

Altars:
Fedhas
Gozag
Kikubaaqudgha
Makhleb
Nemelex Xobeh
Okawaru
Ru
Uskayaw
Vehumet
Xom
Yredelemnul
The Shining One

Shops:
D:6 [!

Annotations:
D:12 Nessos


Innate Abilities, Weirdness & Mutations

You reflexively headbutt those who attack you in melee.
You have a pair of horns on your head.


Message History

An orc zombie comes into view.
You see here 2 arrows.
* * * LOW HITPOINT WARNING * * *
You feel very sick.
Your skin crawls.
You feel resistant to hostile enchantments.
You feel somewhat more hungry.
You feel very sick.
You hear a loud twanging sound.
An arrow appears from out of thin air!
The arrow hits you!
* * * LOW HITPOINT WARNING * * *
The arrow burns you.
You are lethally poisoned!
* * * LOW HITPOINT WARNING * * *
You hear a loud twanging sound.
An arrow appears from out of thin air!
The arrow hits you!
* * * LOW HITPOINT WARNING * * *
The arrow burns you.
You are more poisoned.
You die...

#...Z{ #..# #....## #..#
#.....# #..# #.....#+####.
#..# #............
######..##########............
.............(..@.............
.................((.(.........
#.......<.[..................
#......).....................
#....)########..#+########.##
#....)#......#..# '.
#.....#......'..# .
#.....#......#..#
#.....#......#..#


There were no monsters in sight!

Vanquished Creatures
  Snorg (D:10)
  Josephine (D:10)
  Harold (D:12)
  5 two-headed ogres
  Urug (D:10)
  The ghost of loom the Carver, a novice DsBe of Trog (D:6)
  Maurice (D:12)
  A kobold demonologist (D:12)
  A troll (D:9)
  3 hippogriffs
  Sigmund (D:4)
  5 wraiths (D:10)
  A wyvern (D:7)
  5 hungry ghosts
  Edmund (D:4)
  A water moccasin (D:6)
  Duvessa (D:6)
  2 orc warriors (D:7)
  3 phantoms
  An eye of draining (D:10)
  An ice beast (D:7)
  A sky beast (D:9)
  A necrophage (D:7)
  2 black bears
  2 centaurs
  2 ogres
  The ghost of Fv001 the Digger, an amateur GnEE (D:3)
  A crocodile (Sewer)
  2 big kobolds (D:10)
  3 bullfrogs
  8 gnoll sergeants (Bailey)
  Dowan (D:6)
  4 scorpions
  6 killer bees (D:10)
  7 wights (D:10)
  4 howler monkeys
  3 centaur zombies
  A crimson imp (D:9)
  A bullfrog skeleton (D:5)
  Crazy Yiuf (D:6)
  8 hounds
  A human zombie (Ossuary)
  2 jellies
  A quasit (D:12)
  7 gnoll shamans
  7 orc priests
  A centaur skeleton (D:5)
  2 iguanas
  13 orc wizards
  Natasha (D:4)
  Terence (D:3)
  6 worker ants
  A killer bee zombie (D:5)
  3 ogre zombies (Ossuary)
  A hound zombie (D:8)
  2 hound skeletons
  8 mummies
  A howler monkey skeleton (D:7)
  15 adders
  22 gnolls
  A shadow imp (D:6)
  5 adder zombies (Ossuary)
  An adder skeleton (D:4)
  2 worms (D:5)
  4 dart slugs
  6 leopard geckos
  56 orcs
  3 ball pythons
  13 bats
  6 giant cockroaches
  2 gnoll zombies (Ossuary)
  4 goblins
  7 hobgoblins
  9 jackals
  5 quokkas
  6 frilled lizards
  A goblin zombie (D:12)
  A hobgoblin skeleton (D:12)
  5 hobgoblin zombies (Ossuary)
  A jackal skeleton (D:7)
  15 kobolds
  A kobold zombie (Ossuary)
  2 leopard gecko skeletons
  6 orc zombies
  A quokka skeleton (D:4)
  6 quokka zombies
  7 rats
  5 rat zombies (Ossuary)
373 creatures vanquished.

Vanquished Creatures (collateral kills)
  An ogre (D:8)
  A leopard gecko (D:8)
2 creatures vanquished.

Vanquished Creatures (others)
  A centaur (D:9)
  2 kobolds (D:10)
3 creatures vanquished.

Grand Total: 378 creatures vanquished

Notes
Turn   | Place    | Note
-------+----------+-------------------------------------------
     0 | D:1      | Kloppie the Minotaur Berserker began the quest for the Orb.
     0 | D:1      | Reached XP level 1. HP: 19/19 MP: 0/0
   785 | D:1      | Reached skill level 4 in Maces & Flails
   785 | D:1      | Reached XP level 2. HP: 25/27 MP: 1/1
  1168 | D:2      | Reached XP level 3. HP: 34/34 MP: 2/2
  1253 | D:2      | Reached XP level 4. HP: 41/41 MP: 3/3
  1254 | D:2      | Reached ** piety under Trog
  1258 | D:2      | Reached skill level 5 in Fighting
  1258 | D:2      | Reached skill level 5 in Maces & Flails
  1503 | D:2      | Found an opulent altar of Gozag.
  1734 | D:2      | Found a glowing golden altar of the Shining One.
  1907 | D:3      | Noticed Terence
  1918 | D:3      | Killed Terence
  1919 | D:3      | Reached XP level 5. HP: 26/48 MP: 4/4
  2094 | D:3      | Reached skill level 6 in Maces & Flails
  2214 | D:3      | Reached *** piety under Trog
  2294 | D:3      | Found a sacrificial altar of Ru.
  2318 | D:3      | Noticed Fv001's ghost (amateur GnEE)
  2325 | D:3      | Killed Fv001's ghost
  2325 | D:3      | Reached XP level 6. HP: 58/58 MP: 5/5
  2619 | D:4      | Noticed Edmund
  2629 | D:4      | Killed Edmund
  2629 | D:4      | Reached skill level 7 in Maces & Flails
  2629 | D:4      | Reached XP level 7. HP: 57/66 MP: 6/6
  2649 | D:4      | Noticed Sigmund
  2662 | D:4      | Killed Sigmund
  2696 | D:4      | Noticed Natasha
  2702 | D:4      | Killed Natasha
  2702 | D:4      | Reached skill level 8 in Maces & Flails
  2756 | D:4      | Reached **** piety under Trog
  2763 | D:4      | Found a hide-covered altar of Uskayaw.
  3105 | D:4      | Found a basalt altar of Yredelemnul.
  3343 | D:5      | Entered Level 5 of the Dungeon
  3367 | D:5      | Reached XP level 8. HP: 56/77 MP: 7/7
  3410 | D:5      | Reached skill level 9 in Maces & Flails
  3456 | D:5      | Found a glowing drain.
  3474 | Sewer    | Entered a sewer
  4048 | D:5      | Found a staircase to the Ecumenical Temple.
  4338 | D:6      | Noticed Duvessa
  4354 | D:6      | Killed Duvessa
  4354 | D:6      | Reached skill level 10 in Fighting
  4354 | D:6      | Reached skill level 10 in Maces & Flails
  4405 | D:6      | Noticed loom's ghost (novice DsBe)
  4423 | D:6      | Killed loom's ghost
  4423 | D:6      | Reached skill level 11 in Maces & Flails
  4423 | D:6      | Reached XP level 9. HP: 59/85 MP: 8/8
  4685 | D:6      | Found Jonier's Distillery.
  4692 | D:6      | Reached skill level 12 in Maces & Flails
  4715 | D:6      | Found Ramm's Armour Shop.
  4723 | D:6      | Bought a potion of degeneration for 14 gold pieces
  4759 | D:6      | Found an iron altar of Okawaru.
  4801 | D:6      | Found a burning altar of Makhleb.
  4859 | D:6      | Noticed Dowan
  4864 | D:6      | Killed Dowan
  4886 | D:6      | Found a runed door.
  5229 | D:6      | Noticed Crazy Yiuf
  5233 | D:6      | Killed Crazy Yiuf
  5379 | D:7      | Reached ***** piety under Trog
  5380 | D:7      | Reached skill level 13 in Maces & Flails
  5544 | D:7      | Received a gift from Trog
  5657 | D:7      | Reached skill level 14 in Maces & Flails
  5818 | D:8      | Noticed a two-headed ogre
  5825 | D:8      | Killed a two-headed ogre
  5825 | D:8      | Reached XP level 10. HP: 66/93 MP: 9/9
  5897 | D:8      | Found a sand-covered staircase.
  5905 | Ossuary  | Entered an ossuary
  6155 | Ossuary  | Received a gift from Trog
  6156 | Ossuary  | Found the +7 captain's cutlass {speed, disarm}
  6356 | D:8      | Found a blossoming altar of Fedhas.
  6364 | D:8      | Found a radiant altar of Vehumet.
  6384 | D:8      | Reached skill level 5 in Armour
  6395 | D:8      | Found a flagged portal.
  6534 | Bailey   | Entered a bailey
  6684 | Bailey   | Reached skill level 5 in Shields
  7303 | D:8      | Found a sparkling altar of Nemelex Xobeh.
  7478 | D:8      | Found a shimmering altar of Xom.
  7622 | D:9      | Noticed a two-headed ogre
  7627 | D:9      | Killed a two-headed ogre
  7641 | D:9      | Noticed a two-headed ogre
  7657 | D:9      | Killed a two-headed ogre
  7661 | D:9      | Reached XP level 11. HP: 52/99 MP: 10/10
  7987 | D:9      | Received a gift from Trog
  8040 | D:9      | Found an ancient bone altar of Kikubaaqudgha.
  8472 | D:10     | Entered Level 10 of the Dungeon
  8510 | D:10     | Noticed Josephine
  8524 | D:10     | Killed Josephine
  8652 | D:10     | Noticed a two-headed ogre
  8669 | D:10     | Killed a two-headed ogre
  8669 | D:10     | Reached skill level 10 in Armour
  8750 | D:10     | Reached skill level 10 in Shields
  8823 | D:10     | Noticed Snorg
  8834 | D:10     | Killed Snorg
  8865 | D:10     | Noticed Urug
  8884 | D:10     | Killed Urug
  8918 | D:10     | Noticed a two-headed ogre
  8931 | D:10     | Killed a two-headed ogre
  9129 | D:10     | You fall through a shaft for 2 floors!
  9153 | D:12     | Noticed Maurice
  9157 | D:12     | Noticed Harold
  9164 | D:12     | Killed Harold
  9201 | D:12     | Killed Maurice
  9201 | D:12     | Reached XP level 12. HP: 50/106 MP: 3/11
  9288 | D:12     | Noticed Nessos
  9293 | D:12     | HP: 2/106 [something (15)]
  9293 | D:12     | Shot with an arrow by something

Skill      XL: |  1  2  3  4  5  6  7  8  9 10 11 |
---------------+----------------------------------+-----
Fighting       | 4 5 6 7 8 10 | 10.1
Maces & Flails | 4 5 6 7 8 11 14 | 14.0
Armour         | 3 8 10 | 10.2
Shields        | 2 7 12 | 12.6
Dodging        | |  2.1

Action                   |  1- 3 |  4- 6 |  7- 9 | 10-12 || total
-------------------------+-------+-------+-------+-------++-------
Melee: Mace              |    49 |    51 |       |       ||   100
       Headbutt          |     9 |    19 |    64 |   112 ||   204
       Flail             |       |    90 |   280 |   292 ||   662
       Demon whip        |       |       |       |   239 ||   239
Invok: Berserk           |     1 |     3 |     2 |     2 ||     8
       Trog's Hand       |       |       |     2 |     4 ||     6
  Use: Scroll            |       |     4 |    15 |     3 ||    22
       Potion            |       |       |     1 |       ||     1
 Stab: Paralysed         |       |     1 |       |       ||     1
  Eat: Chunk             |     1 |     8 |    15 |    15 ||    39
       Ration            |       |       |       |     1 ||     1
Armor: Animal skin       |     2 |       |       |       ||     2
       Chain mail        |    24 |    78 |       |       ||   102
       Scale mail        |       |       |    95 |   135 ||   230
Dodge: Dodged            |    26 |    70 |   114 |   142 ||   352
Block: Other             |       |       |    24 |       ||    24
       Shield            |       |       |       |   309 ||   309
       Reflection        |       |       |       |    10 ||    10
